 Dungeon Crawl Stone Soup version 0.26.0-10-g1f06aea511 (webtiles) character file.

Game seed: 11470690747357919598

78 sanka the Covert (level 4, -14/45 HPs)
             Began as a Naga Delver on Jan 20, 2021.
             Demolished by an ogre
             ... wielding a +0 giant club
              (24 damage)
             ... on level 3 of the Dungeon.
             The game lasted 00:02:41 (1987 turns).

sanka the Covert (Naga Delver)                      Turns: 1987, Time: 00:02:42

Health: -14/45     AC:  2    Str: 14    XL:     4   Next: 36%
Magic:  4/4        EV:  9    Int: 12    God:
Gold:   92         SH:  5    Dex: 12    Spells: 3/3 levels left

rFire    . . .     SeeInvis +   b - +0 trident (venom)
rCold    . . .     Faith    .   (no shield)
rNeg     . . .     Spirit   .   h - +0 leather armour (curse)
rPois    +         Reflect  +   (no helmet)
rElec    .         Harm     .   (no cloak)
rCorr    .         Rampage  .   (no gloves)
Will     .....                  (no barding)
Stlth    +++.......             m - amulet of reflection
HPRegen  0.15/turn              (no ring)
MPRegen  0.09/turn              (no ring)

@: very slow
A: large, see invisible, deformed body, poison resistance, slowness 2, spit
poison 1, AC +1
a: Spit Poison


You were on level 3 of the Dungeon.
You visited 1 branch of the dungeon, and saw 3 of its levels.

You collected 92 gold pieces.


Innate Abilities, Weirdness & Mutations

You cannot wear boots.
Your serpentine skin is tough. (AC +1)
You have supernaturally acute eyesight. (SInv)
Armour fits poorly on your strangely shaped body.
Your system is resistant to poisons. (rPois)
You cover ground very slowly.
You can spit poison.


   Skills:
 + Level 4.6 Fighting
 - Level 2.0 Axes
 - Level 1.5 Dodging
 - Level 8.0 Stealth


You had 3 spell levels left.
You didn't know any spells.
Your spell library was empty.

Inventory:

Hand Weapons
 a - a +3 hand axe
 b - a +0 trident of venom (weapon)
Armour
 h - a cursed +0 leather armour (worn)
 k - a +0 leather armour
Jewellery
 m - an amulet of reflection (around neck)
Wands
 g - a wand of digging (3)
Scrolls
 c - 3 scrolls of fog
 d - a scroll of magic mapping
 i - a scroll of immolation {unknown}
 j - a scroll of identify {unknown}
Potions
 f - 2 potions of haste {@q3}
 l - a potion of curing {unknown}

Dungeon Overview and Level Annotations

Branches:
Dungeon (5/15)
 Temple: D:4-7

Altars:
Yredelemnul
The Shining One

Annotations:
D:4 2 transporters, exclusions: ice beast and 2 ogres, dscm's ghost, amateur DsGl
D:5 exclusions: hound, iguana and ogre, Blork the orc

▒▒ ▒▒▒▒▒▒▒ ..▒▒
▒▒...▒...
.♣▒...▒▒▒...!?...
....▒............
♣...............
♣...............
♣♣...............
........>N.......
♣......O.▒▒▒▒...
P♣..............
PP........▒▒▒▒..
......†...▒▒
♣♣......)..▒
.........▒..▒
........▒▒▒....
.▒.....▒▒ ▒▒▒£


You could see an ogre (extremely poisoned).


Message History

Aim: an ogre, wielding a +0 giant club (lightly wounded, fleeing)
The splash of poison hits the ogre.
The ogre is poisoned.
The ogre is lightly wounded.
Your attack snaps the ogre out of its fear.
You see here a rat corpse.
Your +0 trident of venom begins to drip with poison!
b - a +0 trident of venom (weapon)
You reach to attack!
You hit the ogre but do no damage.
The ogre looks even sicker.
The ogre is moderately wounded.
You barely miss the ogre.
The ogre is moderately wounded.
You block the ogre's attack.
You hit the ogre.
The ogre looks as sick as possible!
The ogre is moderately wounded.
You have got your breath back.
The ogre hits you with a +0 giant club.
* * * LOW HITPOINT WARNING * * *
You hit the ogre.
The ogre looks as sick as possible!
The ogre is severely wounded.
You block the ogre's attack.
You barely miss the ogre.
The ogre is severely wounded.
The ogre hits you with a +0 giant club!!
Ouch! That really hurt!
You die...

Action                   |  1- 3 |  4- 6 || total
-------------------------+-------+-------++-------
Melee: Hand axe          |     6 |     7 ||    13
       Trident           |    24 |     5 ||    29
 Abil: Spit Poison       |     4 |     3 ||     7
  Use: Scroll            |       |     1 ||     1
 Stab: Sleeping          |     3 |     4 ||     7
Armor: Leather armour    |     7 |     1 ||     8
Dodge: Dodged            |    22 |     3 ||    25
Block: Other             |       |     3 ||     3

Levels and vault maps discovered:
D:3:      layout_rooms, serial_forest, infiniplex_forest_lined_4_way,
          infiniplex_forest_lined_1, infiniplex_forest_corner_1,
          infiniplex_forest_lined_1, infiniplex_forest_end_2,
          infiniplex_forest_corner_1, infiniplex_forest_clump_curved,
          infiniplex_forest_end_double, infiniplex_forest_side_room,
          minmay_misc_feat_ornament
D:4:      layout_loops_corners, grunt_temple_overflow_holy_war,
          gammafunk_ghost_smash, hex_medium, nicolae_underground_beach
D:5:      layout_rooms, eat_drink_and_be_merry_uskayaw, lightli_temple_of_fire,
          grunt_tough_drop, uniq_pikel, uniq_sigmund, uniq_blork_the_orc

Notes
Turn   | Place    | Note
-------+----------+-------------------------------------------
     0 | D:5      | sanka the Naga Delver began the quest for the Orb.
     0 | D:5      | Reached XP level 1. HP: 21/21 MP: 1/1
   270 | D:5      | Noticed an iguana
   277 | D:5      | Noticed a hound
   300 | D:5      | Noticed an ogre
   318 | D:5      | Noticed Blork the orc
   353 | D:4      | Noticed an ice beast
   424 | D:4      | Noticed an ogre
   440 | D:4      | Reached XP level 2. HP: 17/28 MP: 2/2
   617 | D:4      | Found a basalt altar of Yredelemnul.
   622 | D:4      | Found a glowing golden altar of the Shining One.
   624 | D:4      | Noticed an angel
   699 | D:4      | Reached skill level 8 in Stealth
   717 | D:4      | Noticed an ogre
   809 | D:4      | Reached XP level 3. HP: 12/36 MP: 3/3
  1322 | D:4      | Reached skill level 4 in Fighting
  1322 | D:4      | Reached XP level 4. HP: 22/45 MP: 4/4
  1697 | D:4      | Noticed dscm's ghost (amateur DsGl)
  1698 | D:4      | Found a transporter.
  1711 | D:4      | Identified the +5 dire flail "Qorutimp" {vamp, rF+ rC+
                  | Will+ Str+3}
  1711 | D:4      | Noticed an ogre
  1716 | D:4      | Found a transporter.
  1970 | D:3      | Noticed an ogre
  1987 | D:3      | Demolished by an ogre

Vanquished Creatures
  An iguana (D:4)
  A worker ant (D:4)
  An adder (D:4)
  An ufetubus (D:5)
  A dart slug (D:4)
  A goblin (D:3)
  4 jackals (D:4)
  2 quokkas
  3 frilled lizards (D:4)
  A rat (D:3)
16 creatures vanquished.

Table legend: (Time is in decaauts)
 A = Elapsed time spent in this place.
 B = Non-inter-level travel time spent in this place.
 C = Inter-level travel time spent in this place.
 D = Time resting spent in this place.
 E = Time spent auto-exploring this place.
 F = Levels seen in this place.
 G = Mean time per level.
                   A        B        C        D        E       F      G
               +--------+--------+--------+--------+--------+-----+--------+
         Total |   2408 |   2317 |     91 |    834 |   1246 |   3 |  802.7 |
       Dungeon |   2408 |   2317 |     91 |    834 |   1246 |   3 |  802.7 |
               +--------+--------+--------+--------+--------+-----+--------+

Top non-repeatable levels by time:
     D:4: 1996 daAuts
     D:5: 382 daAuts
     D:3: 29 daAuts
